 Dungeon Crawl Stone Soup version 0.21.1-1-g345015f (webtiles) character file.

361 xelgaze the Ruffian (level 6, -2/51 (53) HPs)
             Began as a Ghoul Monk on June 28, 2018.
             Was a Priest of Qazlal.
             Slain by a bullfrog (6 damage)
             ... on level 4 of the Dungeon on July 1, 2018.
             The game lasted 00:59:19 (3237 turns).

xelgaze the Ruffian (Ghoul Monk)                    Turns: 3237, Time: 00:59:19

HP:   -2/51 (53)    AC:  9    Str: 17    XL:     6   Next: 66%
MP:   2/5           EV: 16    Int:  5    God:    Qazlal [***...]
Gold: 170           SH:  4    Dex: 16    Spells: 5/5 levels left

rFire    + + .     SeeInvis .     - Unarmed
rCold    . . .     Gourm    .   (no shield)
rNeg     + + +     Faith    .   i - +1 fire dragon scales
rPois    ∞         Spirit   .   (no helmet)
rElec    .         Reflect  .   (no cloak)
rCorr    .         Harm     .   (no gloves)
MR       +....                  (no boots)
Stlth    ++........             (no amulet)
HPRegen  0.00/turn              m - ring of protection from magic
MPRegen  0.09/turn              n - ring of stealth

@: agile, very slightly contaminated, rotting, invisible
A: rotting body, claws 1, carnivore, cold resistance 1, negative energy
resistance 3, inhibited regeneration, torment resistance, unbreathing
a: Upheaval, Elemental Force, Renounce Religion


You were on level 4 of the Dungeon.
You worshipped Qazlal.
Qazlal was most pleased with you.
You were not hungry.

You visited 1 branch of the dungeon, and saw 5 of its levels.

You collected 170 gold pieces.

Inventory:

Hand Weapons
 u - a +2 hand axe of electrocution
 v - a +2 hand axe of freezing
Missiles
 c - 19 bolts
 f - 38 sling bullets
Armour
 a - a +0 robe
 d - a +0 scale mail
 i - +1 fire dragon scales (worn)
Jewellery
 m - a ring of protection from magic (left claw)
 n - a ring of stealth (right claw)
Wands
 p - a wand of digging (8)
Scrolls
 e - 6 scrolls of identify
 l - a scroll of immolation
Potions
 g - a potion of magic {unknown}
 j - a potion of mutation {unknown}
 k - 2 potions of resistance
 o - a potion of might {unknown}
 s - a potion of invisibility
 t - a potion of agility
Books
 h - a book of Maledictions

   Spells                             Type                      Level
   a - Corona                         Hexes                        1
   b - Ensorcelled Hibernation        Hexes/Ice                    2
   c - Confuse                        Hexes                        3
   d - Tukima's Dance                 Hexes                        3
   e - Dazzling Spray                 Conjuration/Hexes            3
Comestibles
 b - 3 rations


   Skills:
 * Level 4.6 Fighting
 + Level 2.5 Armour
 + Level 3.5 Dodging
 - Level 2.5 Stealth
 + Level 5.4 Unarmed Combat


You had 5 spell levels left.
You didn't know any spells.

Dungeon Overview and Level Annotations

Branches:
Dungeon (5/15)
 Temple: D:4-7

Altars:
Qazlal
Uskayaw
Wu Jian

Annotations:
D:3 fispok69's ghost, amateur GnFi
D:4 Grinder
D:5 Pikel


Innate Abilities, Weirdness & Mutations

Your body is rotting away.
You thrive on raw meat.
You are immune to poison.
You have sharp fingernails.
You are carnivorous and can eat meat at any time.
Your flesh is cold resistant. (rC+)
You are immune to negative energy. (rN+++)
You do not regenerate when monsters are visible.
You are immune to unholy pain and torment.
You can survive without breathing.


Message History

Aim: a gnoll, wielding a spear A storm cloud blasts the area with cutting wind!
The cutting wind hits the gnoll.
You kill the gnoll!
Qazlal accepts your kill.
Press: ? - help, v - describe, . - travel
Here: an orc priest, wielding a club The floor, spattered with blood.
You hear a loud, deep croak!
A bullfrog comes into view.
It was a potion of invisibility.
You fade into invisibility!
You are very lightly contaminated with residual magic.
It was a potion of agility.
You feel agile all of a sudden. The bullfrog completely misses you.
You scratch the bullfrog but do no damage.
The bullfrog closely misses you. The gnoll barely misses you.
The bullfrog misses you. The bullfrog hits you.
You die...

#.. ...##..#
...#...# #..##..#
##..##..'
#.....g.#
#....$.l## .###
#..##.%.#......
##F@##g.>#.....
#...+....#....
#...##.g##..# ##
##gl##..##..###.##
##gg##.g..o......#
#....+...........#
#..o.#...gl......+
##..##..##..##..#
#..g######)###..##


You could see a bullfrog, an orc priest, 3 gnolls and a frilled lizard.

Vanquished Creatures
  An orc wizard (D:3)
  2 bullfrog skeletons
  A gnoll shaman (D:4)
  3 iguanas
  3 gnolls (D:4)
  3 adders
  An adder skeleton (D:5)
  3 worms
  3 dart slugs
  4 leopard geckos
  13 orcs (D:3)
  5 bats
  6 giant cockroaches
  5 goblins
  5 hobgoblins (D:2)
  6 jackals (D:3)
  5 kobolds
  3 quokkas
  A ball python (D:3)
  4 frilled lizards
  5 rats
82 creatures vanquished.

Notes
Turn   | Place    | Note
-------+----------+-------------------------------------------
     0 | D:1      | xelgaze the Ghoul Monk began the quest for the Orb.
     0 | D:1      | Reached XP level 1. HP: 19/19 MP: 0/0
   172 | D:1      | Reached XP level 2. HP: 26/26 MP: 1/1
   870 | D:2      | Found a stormy altar of Qazlal.
   877 | D:2      | Became a worshipper of Qazlal Stormbringer
   877 | D:2      | Reached * piety under Qazlal
   877 | D:2      | Reached ** piety under Qazlal
   945 | D:2      | Reached skill level 1 in Armour
   945 | D:2      | Reached XP level 3. HP: 29/33 MP: 2/2
  1068 | D:2      | Reached skill level 4 in Unarmed Combat
  1070 | D:2      | Reached XP level 4. HP: 35/40 MP: 3/3
  1519 | D:3      | Reached XP level 5. HP: 44/46 MP: 4/4
  1598 | D:3      | Noticed fispok69's ghost (amateur GnFi)
  1605 | D:3      | HP: 2/46 [adder (4)]
  2169 | D:3      | Reached skill level 5 in Unarmed Combat
  2279 | D:3      | Found an ornate altar of the Wu Jian Council.
  2390 | D:3      | Reached XP level 6. HP: 48/52 MP: 5/5
  2419 | D:3      | Found a hide-covered altar of Uskayaw.
  2498 | D:3      | Reached *** piety under Qazlal
  2936 | D:4      | Noticed Grinder
  2957 | D:5      | Entered Level 5 of the Dungeon
  3136 | D:5      | Noticed a slave
  3136 | D:5      | Noticed a slave
  3137 | D:5      | Noticed a slave
  3138 | D:5      | Noticed Pikel
  3138 | D:5      | Noticed a slave
  3237 | D:4      | Slain by a bullfrog

Skill      XL: |  1  2  3  4  5 |
---------------+----------------+-----
Dodging        | 3 |  3.5
Armour         | 1 2 |  2.5
Unarmed Combat | 4 5 |  5.4
Fighting       | 4 |  4.6
Stealth        | |  2.5

Action                   |  1- 3 |  4- 6 || total
-------------------------+-------+-------++-------
Melee: Unarmed           |    74 |   191 ||   265
       Punch             |     1 |     5 ||     6
Invok: Upheaval          |       |     2 ||     2
  Use: Scroll            |       |     9 ||     9
       Potion            |       |     3 ||     3
 Stab: Sleeping          |     1 |       ||     1
  Eat: Chunk             |    10 |    14 ||    24
       Ration            |       |     1 ||     1
Armor: Fire dragon scale |    17 |    74 ||    91
Dodge: Dodged            |    26 |    88 ||   114
Block: Other             |     3 |    17 ||    20
